Princes vs Little Stars
Created - 27 février 2013 at 23:30
Goals
|
| Princes |
0 |
1 |
3 |
4 |
| Little Stars |
2 |
0 |
1 |
3 |
|
Shots
|
| Princes |
13 |
6 |
16 |
35 |
| Little Stars |
19 |
11 |
13 |
43 |
|
1st period
1. Little Stars , Krys Kolanos 19 (Steve Regier) at 2:01
2. Little Stars , Steve Regier 20 (Krys Kolanos, Boris Valabik) at 11:15
Penalties :
Tyler Eckford (Tex) for Elbowing (Minor) at 15:14, Yanick Lehoux (Tex) for Interference (Minor) at 19:08
2nd period
3. Princes , Jesse Winchester 14 (Alexander Korolyuk, Brian McGrattan) at 0:45 (PP)
Penalties :
Jesse Winchester (Cal) for Interference (Minor) at 9:10, Matt Pelech (Tex) for Tripping (Minor) at 12:26, Tyler Brenner (Cal) for High sticking (Minor) at 14:39
3rd period
4. Little Stars , Cody Bass 8 (Steve MacIntyre, Matt D'Agostini) at 0:51
5. Princes , David Perron 29 (Sergei Shirokov, Michael Nylander) at 1:40 (PP)
6. Princes , Brian McGrattan 18 (Rostislav Klesla, Alexander Korolyuk) at 1:48
7. Princes , Sergei Shirokov 27 (Michael Nylander) at 4:35
Penalties :
Steve Regier (Tex) for Hooking (Minor) at 1:28, Boris Valabik (Tex) for Goalie Interference (Minor) at 14:24
Goalie Stats
Jeff Deslauriers (Cal), 40 saves from 43 shots - (0,930), W, 15-8-0, 60:00 minutes
Alex Auld (Tex), 31 saves from 35 shots - (0,886), L, 6-9-2, 59:01 minutes
Players Stats for Princes
Player Name G A P +/- PIM S H SB GA TA FO MP PP MP PK MP
------------------------------------------------------------------------------------
Alexander Korolyuk 0 2 2 1 0 7 3 0 1 0 0/3 20:06 3:24 0:36
Anthony Peluso 0 0 0 0 0 0 0 0 0 0 0/0 6:08 0:00 0:00
Brian McGrattan 1 1 2 1 0 2 3 0 0 0 1/2 19:20 3:24 0:00
David Perron 1 0 1 1 0 7 1 0 1 1 0/1 18:22 4:22 0:08
Jason Strudwick 0 0 0 0 0 0 0 0 0 0 0/0 4:27 0:00 2:22
Jesse Winchester 1 0 1 1 2 2 3 3 1 1 9/20 19:29 3:24 0:00
John Madden 0 0 0 0 0 0 0 1 1 2 3/4 8:20 0:00 2:04
Jonathan Tremblay 0 0 0 -3 0 1 1 1 0 0 0/0 10:47 0:00 0:00
Kevin Shattenkirk 0 0 0 1 0 1 0 2 0 0 0/0 20:49 4:27 0:00
Michael Haley 0 0 0 0 0 0 0 0 0 0 0/0 6:08 0:00 0:00
Michael Nylander 0 2 2 1 0 4 2 0 0 1 10/22 20:55 4:22 1:30
Nate Prosser 0 0 0 -1 0 1 3 2 2 0 0/0 22:08 3:19 0:00
Noah Welch 0 0 0 -1 0 2 1 2 0 2 0/0 24:04 4:27 1:36
P.J. Axelsson 0 0 0 -3 0 1 1 1 0 0 0/0 14:21 0:00 2:04
Rostislav Klesla 0 1 1 1 0 2 1 2 0 0 0/0 20:29 3:19 0:00
Sean Zimmerman 0 0 0 -1 0 1 2 0 0 3 0/0 15:27 0:00 2:22
Sergei Shirokov 1 1 2 1 0 3 1 0 2 1 0/1 20:37 4:22 1:15
Theo Peckham 0 0 0 -1 0 1 1 1 0 1 0/0 12:36 0:00 1:36
Tyler Brenner 0 0 0 -3 2 0 0 0 0 0 0/5 11:27 0:00 0:19
Players Stats for Little Stars
Player Name G A P +/- PIM S H SB GA TA FO MP PP MP PK MP
------------------------------------------------------------------------------------
Alexander Vasyunov 0 0 0 0 0 0 0 0 0 0 0/0 0:00 0:00 0:00
Boris Valabik 0 1 1 -1 2 2 1 0 1 0 0/0 23:20 2:03 3:52
Brad Isbister 0 0 0 -2 0 6 1 0 1 0 5/8 22:23 2:11 4:34
Clay Wilson 0 0 0 0 0 1 0 2 1 1 0/0 20:00 1:55 2:51
Cody Bass 1 0 1 1 0 4 0 0 2 0 1/3 11:20 0:00 0:23
Greg Stewart 0 0 0 0 0 0 0 0 1 0 0/0 10:15 0:00 2:44
Hugh Jessiman 0 0 0 2 0 1 5 0 1 0 0/0 15:35 1:47 0:00
Jack Skille 0 0 0 -2 0 3 0 1 0 1 0/1 18:13 2:11 0:00
Jim O'Brien 0 0 0 0 0 0 0 0 0 0 0/0 0:00 0:00 0:00
Jonathan Blum 0 0 0 0 0 2 0 0 0 0 0/0 11:45 0:00 1:54
Jordan Bendfeld 0 0 0 2 0 0 0 0 0 0 0/0 5:55 0:00 0:00
Kaspars Daugavins 0 0 0 0 0 0 0 0 0 0 0/0 0:00 0:00 0:00
Krys Kolanos 1 1 2 2 0 4 1 1 1 0 5/9 15:35 1:47 0:00
Matt D'Agostini 0 1 1 1 0 1 0 0 1 0 1/1 11:19 0:00 0:00
Matt Pelech 0 0 0 0 2 1 2 0 0 0 0/0 9:34 0:00 0:00
Oskar Osala 0 0 0 0 0 0 0 0 0 0 0/0 0:00 0:00 0:00
Patrick O'Sullivan 0 0 0 -2 0 4 0 0 0 0 23/32 18:13 2:11 0:00
Paul Postma 0 0 0 2 0 0 0 0 0 1 0/0 5:55 0:00 0:00
Riley Nash 0 0 0 0 0 0 0 0 0 0 0/0 0:00 0:00 0:00
Steve MacIntyre 0 1 1 1 0 2 1 1 0 0 0/2 12:57 0:00 2:03
Steve Regier 1 1 2 2 2 8 0 1 1 1 0/0 19:33 1:47 4:22
Tim Ramholt 0 0 0 -1 0 2 1 2 1 4 0/0 24:33 2:03 4:55
Troy Bodie 0 0 0 0 0 0 0 1 0 0 0/0 7:18 0:00 0:00
Tyler Eckford 0 0 0 0 2 1 1 4 0 0 0/0 19:09 1:55 2:00
Yanick Lehoux 0 0 0 0 2 1 0 0 1 0 0/2 9:17 0:00 1:26
3 Stars
1 - Krys Kolanos (Tex)
2 - Brian McGrattan (Cal)
3 - Sergei Shirokov (Cal)
Power Play
Princes - 2 on 5 Attempt(s) - 40,00%
Little Stars - 0 on 2 Attempt(s) - 0,00%
Penalty Kill
Princes - 2 on 2 Attempt(s) - 100,00%
- Score 0 goal in Penalty Kill
Little Stars - 3 on 5 Attempt(s) - 60,00%
- Score 0 goal in Penalty Kill
Official
Referees : Walsh Ian and McCreary Bill
Linesman : Dan Schachte and Vaughan Rody
Game Notes
No Game Note
Princes
5 vs 5 Forward
Center Left Wing Right Wing Time % Phy DF OF
1 Jesse Winchester Alexander Korolyuk Brian McGrattan 40 1 1 3
2 Michael Nylander David Perron Sergei Shirokov 35 1 1 3
3 Tyler Brenner P.J. Axelsson Jonathan Tremblay 20 1 2 2
4 John Madden Michael Haley Anthony Peluso 5 2 2 1
5 vs 5 Defense
Defense Defense Time % Phy DF OF
1 Noah Welch Nate Prosser 40 0 3 2
2 Rostislav Klesla Kevin Shattenkirk 35 0 3 2
3 Sean Zimmerman Theo Peckham 20 0 3 2
4 Sean Zimmerman Theo Peckham 5 0 3 2
PowerPlay Forward
Center Left Wing Right Wing Time % Phy DF OF
1 Michael Nylander David Perron Sergei Shirokov 60 0 1 4
2 Jesse Winchester Alexander Korolyuk Brian McGrattan 40 1 2 2
PowerPlay Defense
Defense Defense Time % Phy DF OF
1 Kevin Shattenkirk Noah Welch 60 0 2 3
2 Rostislav Klesla Nate Prosser 40 0 2 3
Penalty Kill 4 Players Forward
Center Wing Time % Phy DF OF
1 John Madden P.J. Axelsson 60 1 3 1
2 Michael Nylander Tyler Brenner 40 1 3 1
Penalty Kill 4 Players Defense
Defense Defense Time % Phy DF OF
1 Jason Strudwick Sean Zimmerman 60 1 4 0
2 Theo Peckham Noah Welch 40 1 4 0
Penalty Kill - 3 Players Forward
Forward Time % Phy DF OF
1 Michael Nylander 60 0 4 1
2 P.J. Axelsson 40 0 4 1
Penalty Kill - 3 Players Defense
Defense Defense Time % Phy DF OF
1 Jason Strudwick Sean Zimmerman 60 1 4 0
2 Theo Peckham Noah Welch 40 1 4 0
4 vs 4 Forward
Center Wing Time % Phy DF OF
1 Michael Nylander David Perron 60 1 2 2
2 Sergei Shirokov Brian McGrattan 40 1 2 2
4 vs 4 Defense
Defense Defense Time % Phy DF OF
1 Kevin Shattenkirk Sean Zimmerman 60 1 2 2
2 Noah Welch Nate Prosser 40 1 2 2
Last Minutes Offensive
Center Left Wing Right Wing Defense Defense
Michael Nylander David Perron Sergei Shirokov Kevin Shattenkirk Rostislav Klesla
Last Minutes Defensive
Center Left Wing Right Wing Defense Defense
Michael Nylander P.J. Axelsson Sergei Shirokov Jason Strudwick Sean Zimmerman
Goaltenders
Starting : Jeff Deslauriers
Backup : Manny Legace
Extra Forwards
Normal : P.J. Axelsson, Jesse Winchester, Sergei Shirokov - PP : P.J. Axelsson, John Madden - PK : Sergei Shirokov
Extra Defensemen
Normal : Sean Zimmerman, Theo Peckham, Kevin Shattenkirk - PP : Sean Zimmerman - PK : Rostislav Klesla, Kevin Shattenkirk
Penalty Shots
Michael Nylander, Brian McGrattan, David Perron, Sergei Shirokov, Alexander Korolyuk
Little Stars
5 vs 5 Forward
Center Left Wing Right Wing Time % Phy DF OF
1 Patrick O'Sullivan Brad Isbister Jack Skille 40 1 2 2
2 Krys Kolanos Steve Regier Hugh Jessiman 30 1 2 2
3 Cody Bass Steve MacIntyre Matt D'Agostini 20 1 2 2
4 Yanick Lehoux Greg Stewart Troy Bodie 10 1 2 2
5 vs 5 Defense
Defense Defense Time % Phy DF OF
1 Tim Ramholt Boris Valabik 40 1 2 2
2 Clay Wilson Tyler Eckford 30 1 2 2
3 Matt Pelech Jonathan Blum 20 1 2 2
4 Jordan Bendfeld Paul Postma 10 1 2 2
PowerPlay Forward
Center Left Wing Right Wing Time % Phy DF OF
1 Patrick O'Sullivan Brad Isbister Jack Skille 60 1 2 2
2 Krys Kolanos Steve Regier Hugh Jessiman 40 1 2 2
PowerPlay Defense
Defense Defense Time % Phy DF OF
1 Tim Ramholt Boris Valabik 60 1 2 2
2 Clay Wilson Tyler Eckford 40 1 2 2
Penalty Kill 4 Players Forward
Center Wing Time % Phy DF OF
1 Brad Isbister Steve Regier 60 1 2 2
2 Steve MacIntyre Greg Stewart 40 1 2 2
Penalty Kill 4 Players Defense
Defense Defense Time % Phy DF OF
1 Tim Ramholt Boris Valabik 60 1 2 2
2 Clay Wilson Tyler Eckford 40 1 2 2
Penalty Kill - 3 Players Forward
Forward Time % Phy DF OF
1 Brad Isbister 60 1 2 2
2 Steve Regier 40 1 2 2
Penalty Kill - 3 Players Defense
Defense Defense Time % Phy DF OF
1 Tim Ramholt Boris Valabik 60 1 2 2
2 Clay Wilson Tyler Eckford 40 1 2 2
4 vs 4 Forward
Center Wing Time % Phy DF OF
1 Brad Isbister Steve Regier 60 1 2 2
2 Steve MacIntyre Greg Stewart 40 1 2 2
4 vs 4 Defense
Defense Defense Time % Phy DF OF
1 Tim Ramholt Boris Valabik 60 1 2 2
2 Clay Wilson Tyler Eckford 40 1 2 2
Last Minutes Offensive
Center Left Wing Right Wing Defense Defense
Patrick O'Sullivan Brad Isbister Jack Skille Tim Ramholt Boris Valabik
Last Minutes Defensive
Center Left Wing Right Wing Defense Defense
Patrick O'Sullivan Brad Isbister Jack Skille Tim Ramholt Boris Valabik
Goaltenders
Starting : Alex Auld
Backup : Philippe Sauvé
Extra Forwards
Normal : Matt D'Agostini, Cody Bass, Yanick Lehoux - PP : Matt D'Agostini, Cody Bass - PK : Yanick Lehoux
Extra Defensemen
Normal : Matt Pelech, Jonathan Blum, Jordan Bendfeld - PP : Matt Pelech - PK : Jonathan Blum, Jordan Bendfeld
Penalty Shots
Brad Isbister, Steve Regier, Steve MacIntyre, Greg Stewart, Patrick O'Sullivan
% Time on Ice - Princes
Lines # - Real PCT - Wanted PCT - Time Play
Normal Forward
1 - 34% - 40% - 16:03
2 - 30% - 35% - 14:07
3 - 23% - 20% - 10:47
4 - 13% - 5% - 6:08
Normal Defense
1 - 40% - 40% - 18:55
2 - 36% - 35% - 17:10
3 - 21% - 20% - 9:57
4 - 2% - 5% - 1:03
PP Forward
1 - 56% - 60% - 4:22
2 - 44% - 40% - 3:24
PP Defense
1 - 57% - 60% - 4:27
2 - 43% - 40% - 3:19
PK Forward
1 - 71% - 60% - 2:48
2 - 29% - 40% - 1:10
PK Defense
1 - 60% - 60% - 2:22
2 - 40% - 40% - 1:36
PK3 Forward
1 - 0% - 60%
2 - 0% - 40%
PK3 Defense
1 - 0% - 60%
2 - 0% - 40%
44 Forward
1 - 0% - 60%
2 - 0% - 40%
44 Defense
1 - 0% - 60%
2 - 0% - 40%
Last Minute Offensive - 0:00
Last Minute Defensive - 1:11
Total
Forward - 60:00
Defense - 60:00
|
% Time on Ice - Little Stars
Lines # - Real PCT - Wanted PCT - Time Play
Normal Forward
1 - 32% - 40% - 15:06
2 - 29% - 30% - 13:48
3 - 23% - 20% - 10:54
4 - 15% - 10% - 7:18
Normal Defense
1 - 37% - 40% - 17:35
2 - 30% - 30% - 14:04
3 - 20% - 20% - 9:32
4 - 13% - 10% - 5:55
PP Forward
1 - 55% - 60% - 2:11
2 - 45% - 40% - 1:47
PP Defense
1 - 52% - 60% - 2:03
2 - 48% - 40% - 1:55
PK Forward
1 - 78% - 60% - 6:02
2 - 22% - 40% - 1:44
PK Defense
1 - 63% - 60% - 4:55
2 - 37% - 40% - 2:51
PK3 Forward
1 - 0% - 60%
2 - 0% - 40%
PK3 Defense
1 - 0% - 60%
2 - 0% - 40%
44 Forward
1 - 0% - 60%
2 - 0% - 40%
44 Defense
1 - 0% - 60%
2 - 0% - 40%
Last Minute Offensive - 1:10
Last Minute Defensive - 0:00
Total
Forward - 60:00
Defense - 60:00
|
Play by Play
1st period
0:01 of 1st period - Brian McGrattan wins face-off versus Patrick O'Sullivan in neutral zone.
0:32 of 1st period - Wrist shot by Michael Nylander.
0:32 of 1st period - Stopped by Alex Auld with a rebound.
0:48 of 1st period - Wrist shot by Steve Regier.
0:48 of 1st period - Stopped by Jeff Deslauriers with a rebound.
0:50 of 1st period - Snap shot by Cody Bass.
0:50 of 1st period - Stopped by Jeff Deslauriers with a rebound.
0:52 of 1st period - Slapshot by Boris Valabik.
0:52 of 1st period - Stopped by Jeff Deslauriers with a rebound.
0:54 of 1st period - Slapshot by Tim Ramholt.
0:54 of 1st period - Stopped by Jeff Deslauriers without a rebound.
0:55 of 1st period - John Madden wins face-off versus Yanick Lehoux in Princes zone.
1:20 of 1st period - Tyler Eckford is hit by Jesse Winchester and loses puck.
1:59 of 1st period - Wrist shot by Steve Regier.
1:59 of 1st period - Stopped by Jeff Deslauriers with a rebound.
2:01 of 1st period - Wrist shot by Krys Kolanos.
2:01 of 1st period - Goal by Krys Kolanos - Princes : 0 - Little Stars : 1.
2:02 of 1st period - Patrick O'Sullivan wins face-off versus Jesse Winchester in neutral zone.
2:27 of 1st period - Tyler Eckford is hit by Sergei Shirokov and loses puck.
2:32 of 1st period - Wrist shot by David Perron.
2:32 of 1st period - Stopped by Alex Auld with a rebound.
2:34 of 1st period - Snap shot by Michael Nylander.
2:34 of 1st period - Shot Blocked by Tyler Eckford.
2:36 of 1st period - Slapshot by David Perron.
2:36 of 1st period - Stopped by Alex Auld without a rebound.
2:37 of 1st period - Patrick O'Sullivan wins face-off versus Tyler Brenner in Little Stars zone.
2:50 of 1st period - Snap shot by Jonathan Tremblay.
2:50 of 1st period - Shot Misses the Net.
2:52 of 1st period - Slapshot by Rostislav Klesla.
2:52 of 1st period - Shot Misses the Net.
3:33 of 1st period - Snap shot by Steve Regier.
3:33 of 1st period - Stopped by Jeff Deslauriers without a rebound.
3:34 of 1st period - Michael Nylander wins face-off versus Cody Bass in Princes zone.
4:14 of 1st period - Slapshot by Steve MacIntyre.
4:14 of 1st period - Shot Misses the Net.
4:16 of 1st period - Snap shot by Cody Bass.
4:16 of 1st period - Shot Misses the Net.
4:18 of 1st period - Slapshot by Tyler Eckford.
4:18 of 1st period - Stopped by Jeff Deslauriers with a rebound.
4:24 of 1st period - Slapshot by Cody Bass.
4:24 of 1st period - Stopped by Jeff Deslauriers without a rebound.
4:25 of 1st period - Jesse Winchester wins face-off versus Patrick O'Sullivan in Princes zone.
5:00 of 1st period - Snap shot by Michael Nylander.
5:00 of 1st period - Stopped by Alex Auld without a rebound.
5:01 of 1st period - Krys Kolanos wins face-off versus Tyler Brenner in Little Stars zone.
5:14 of 1st period - Snap shot by Steve Regier.
5:14 of 1st period - Shot Blocked by Jonathan Tremblay.
5:32 of 1st period - Slapshot by Brian McGrattan.
5:32 of 1st period - Deflect By Alexander Korolyuk.
5:32 of 1st period - Shot Misses the Net.
5:32 of 1st period - Puck is out of play.
5:33 of 1st period - Patrick O'Sullivan wins face-off versus Jesse Winchester in Little Stars zone.
5:33 of 1st period - Patrick O'Sullivan is hit by Nate Prosser.
5:41 of 1st period - Slapshot by Patrick O'Sullivan.
5:41 of 1st period - Shot Blocked by Jesse Winchester.
5:51 of 1st period - Snap shot by Alexander Korolyuk.
5:51 of 1st period - Shot Misses the Net.
5:53 of 1st period - Wrist shot by Alexander Korolyuk.
5:53 of 1st period - Stopped by Alex Auld with a rebound.
5:55 of 1st period - Slapshot by Alexander Korolyuk.
5:55 of 1st period - Stopped by Alex Auld without a rebound.
5:56 of 1st period - Michael Nylander wins face-off versus Yanick Lehoux in Little Stars zone.
6:23 of 1st period - Jonathan Tremblay is hit by Krys Kolanos and loses puck.
7:06 of 1st period - Wrist shot by Michael Nylander.
7:06 of 1st period - Stopped by Alex Auld without a rebound.
7:07 of 1st period - Matt D'Agostini wins face-off versus Michael Nylander in Little Stars zone.
7:32 of 1st period - Snap shot by David Perron.
7:32 of 1st period - Stopped by Alex Auld with a rebound.
7:34 of 1st period - Snap shot by Sergei Shirokov.
7:34 of 1st period - Shot Misses the Net.
7:36 of 1st period - Slapshot by Sean Zimmerman.
7:36 of 1st period - Shot Misses the Net.
7:38 of 1st period - Slapshot by Sean Zimmerman.
7:38 of 1st period - Stopped by Alex Auld without a rebound.
7:39 of 1st period - Patrick O'Sullivan wins face-off versus Jesse Winchester in Little Stars zone.
7:44 of 1st period - Slapshot by Alexander Korolyuk.
7:44 of 1st period - Stopped by Alex Auld without a rebound.
7:45 of 1st period - Patrick O'Sullivan wins face-off versus Jesse Winchester in Little Stars zone.
7:50 of 1st period - Nate Prosser is hit by Matt Pelech and loses puck.
7:57 of 1st period - Snap shot by Patrick O'Sullivan.
7:57 of 1st period - Shot Misses the Net.
7:59 of 1st period - Slapshot by Jonathan Blum.
7:59 of 1st period - Stopped by Jeff Deslauriers with a rebound.
8:01 of 1st period - Slapshot by Jonathan Blum.
8:01 of 1st period - Stopped by Jeff Deslauriers without a rebound.
8:02 of 1st period - Michael Nylander wins face-off versus Krys Kolanos in Princes zone.
8:27 of 1st period - Alexander Korolyuk is hit by Boris Valabik and loses puck.
8:34 of 1st period - Snap shot by Brian McGrattan.
8:34 of 1st period - Shot Blocked by Tim Ramholt.
8:56 of 1st period - Tim Ramholt is hit by Jonathan Tremblay and loses puck.
9:45 of 1st period - Slapshot by Boris Valabik.
9:45 of 1st period - Shot Blocked by Rostislav Klesla.
9:47 of 1st period - Snap shot by Cody Bass.
9:47 of 1st period - Shot Blocked by Rostislav Klesla.
9:49 of 1st period - Slapshot by Tim Ramholt.
9:49 of 1st period - Stopped by Jeff Deslauriers with a rebound.
10:27 of 1st period - Slapshot by Jonathan Tremblay.
10:27 of 1st period - Shot Misses the Net.
10:37 of 1st period - Snap shot by Steve Regier.
10:37 of 1st period - Stopped by Jeff Deslauriers with a rebound.
10:39 of 1st period - Snap shot by Krys Kolanos.
10:39 of 1st period - Stopped by Jeff Deslauriers with a rebound.
11:07 of 1st period - Snap shot by Krys Kolanos.
11:07 of 1st period - Shot Misses the Net.
11:09 of 1st period - Wrist shot by Krys Kolanos.
11:09 of 1st period - Shot Misses the Net.
11:15 of 1st period - Slapshot by Steve Regier.
11:15 of 1st period - Goal by Steve Regier - Princes : 0 - Little Stars : 2.
11:16 of 1st period - Patrick O'Sullivan wins face-off versus Brian McGrattan in neutral zone.
11:23 of 1st period - Snap shot by Patrick O'Sullivan.
11:23 of 1st period - Shot Hit the Post.
12:24 of 1st period - Rostislav Klesla is hit by Matt Pelech and loses puck.
12:33 of 1st period - Brad Isbister is hit by Jesse Winchester and loses puck.
13:00 of 1st period - Snap shot by Sergei Shirokov.
13:00 of 1st period - Deflect By David Perron.
13:00 of 1st period - Stopped by Alex Auld with a rebound.
13:02 of 1st period - Slapshot by Nate Prosser.
13:02 of 1st period - Shot Blocked by Tyler Eckford.
13:23 of 1st period - Slapshot by Sean Zimmerman.
13:23 of 1st period - Deflect By Michael Haley.
13:23 of 1st period - Shot Blocked by Clay Wilson.
13:23 of 1st period - Puck is out of play.
13:24 of 1st period - Patrick O'Sullivan wins face-off versus Jesse Winchester in Little Stars zone.
13:24 of 1st period - Patrick O'Sullivan is hit by Brian McGrattan.
13:32 of 1st period - Wrist shot by Patrick O'Sullivan.
13:32 of 1st period - Shot Blocked by Kevin Shattenkirk.
13:50 of 1st period - Kevin Shattenkirk is hit by Hugh Jessiman and loses puck.
13:57 of 1st period - Snap shot by Krys Kolanos.
13:57 of 1st period - Stopped by Jeff Deslauriers with a rebound.
15:14 of 1st period - Minor Penalty to Tyler Eckford for Elbowing.
15:15 of 1st period - Michael Nylander wins face-off versus Brad Isbister in Little Stars zone.
15:49 of 1st period - Slapshot by Brad Isbister.
15:49 of 1st period - Shot Misses the Net.
17:14 of 1st period - Penalty to Tyler Eckford is over, Tyler Eckford is back on ice.
17:22 of 1st period - Snap shot by Jonathan Tremblay.
17:22 of 1st period - Stopped by Alex Auld without a rebound.
17:23 of 1st period - Patrick O'Sullivan wins face-off versus Tyler Brenner in Little Stars zone.
17:23 of 1st period - Patrick O'Sullivan is hit by Sean Zimmerman.
17:29 of 1st period - Wrist shot by Patrick O'Sullivan.
17:29 of 1st period - Stopped by Jeff Deslauriers with a rebound.
17:31 of 1st period - Slapshot by Jack Skille.
17:31 of 1st period - Shot Blocked by P.J. Axelsson.
17:33 of 1st period - Snap shot by Patrick O'Sullivan.
17:33 of 1st period - Shot Misses the Net.
17:35 of 1st period - Snap shot by Patrick O'Sullivan.
17:35 of 1st period - Stopped by Jeff Deslauriers with a rebound.
17:37 of 1st period - Slapshot by Jordan Bendfeld.
17:37 of 1st period - Shot Misses the Net.
17:39 of 1st period - Snap shot by Patrick O'Sullivan.
17:39 of 1st period - Deflect By Jack Skille.
17:39 of 1st period - Stopped by Jeff Deslauriers without a rebound.
17:40 of 1st period - Krys Kolanos wins face-off versus Michael Nylander in Princes zone.
17:41 of 1st period - Snap shot by Steve Regier.
17:41 of 1st period - Shot Blocked by Noah Welch.
18:02 of 1st period - Off-side.
18:03 of 1st period - Jesse Winchester wins face-off versus Patrick O'Sullivan in neutral zone.
18:10 of 1st period - Wrist shot by Alexander Korolyuk.
18:10 of 1st period - Deflect By Brian McGrattan.
18:10 of 1st period - Shot Blocked by Tyler Eckford.
18:10 of 1st period - Puck is out of play.
18:11 of 1st period - Jesse Winchester wins face-off versus Brad Isbister in Little Stars zone.
18:40 of 1st period - Wrist shot by Krys Kolanos.
18:40 of 1st period - Shot Hit the Post.
18:42 of 1st period - Slapshot by Clay Wilson.
18:42 of 1st period - Shot Misses the Net.
18:44 of 1st period - Slapshot by Steve Regier.
18:44 of 1st period - Shot Misses the Net.
18:56 of 1st period - Tim Ramholt is hit by P.J. Axelsson and loses puck.
19:08 of 1st period - Minor Penalty to Yanick Lehoux for Interference.
19:09 of 1st period - Michael Nylander wins face-off versus Brad Isbister in Little Stars zone.
19:20 of 1st period - Wrist shot by Sergei Shirokov.
19:20 of 1st period - Shot Blocked by Tim Ramholt.
19:22 of 1st period - Slapshot by Rostislav Klesla.
19:22 of 1st period - Stopped by Alex Auld without a rebound.
19:23 of 1st period - Brad Isbister wins face-off versus David Perron in Little Stars zone.
19:54 of 1st period - Brad Isbister is hit by Rostislav Klesla and loses puck.
2nd period
0:01 of 2nd period - Brad Isbister wins face-off versus Michael Nylander in neutral zone.
0:29 of 2nd period - Wrist shot by Brian McGrattan.
0:29 of 2nd period - Stopped by Alex Auld without a rebound.
0:30 of 2nd period - Jesse Winchester wins face-off versus Steve MacIntyre in Little Stars zone.
0:45 of 2nd period - Snap shot by Jesse Winchester.
0:45 of 2nd period - Goal by Jesse Winchester - Princes : 1 - Little Stars : 2.
0:46 of 2nd period - Patrick O'Sullivan wins face-off versus Jesse Winchester in neutral zone.
0:51 of 2nd period - Jack Skille is hit by Noah Welch and loses puck.
1:40 of 2nd period - Snap shot by Yanick Lehoux.
1:40 of 2nd period - Stopped by Jeff Deslauriers without a rebound.
1:41 of 2nd period - Jesse Winchester wins face-off versus Patrick O'Sullivan in Princes zone.
2:06 of 2nd period - Rostislav Klesla is hit by Hugh Jessiman and loses puck.
2:56 of 2nd period - Slapshot by Greg Stewart.
2:56 of 2nd period - Shot Misses the Net.
2:58 of 2nd period - Slapshot by Clay Wilson.
2:58 of 2nd period - Stopped by Jeff Deslauriers without a rebound.
2:59 of 2nd period - Patrick O'Sullivan wins face-off versus Alexander Korolyuk in Princes zone.
3:00 of 2nd period - Wrist shot by Brad Isbister.
3:00 of 2nd period - Stopped by Jeff Deslauriers without a rebound.
3:01 of 2nd period - Jesse Winchester wins face-off versus Patrick O'Sullivan in Princes zone.
3:08 of 2nd period - Snap shot by Brad Isbister.
3:08 of 2nd period - Stopped by Jeff Deslauriers with a rebound.
3:10 of 2nd period - Slapshot by Patrick O'Sullivan.
3:10 of 2nd period - Shot Blocked by Jesse Winchester.
3:12 of 2nd period - Snap shot by Boris Valabik.
3:12 of 2nd period - Stopped by Jeff Deslauriers with a rebound.
3:14 of 2nd period - Snap shot by Jack Skille.
3:14 of 2nd period - Deflect By Patrick O'Sullivan.
3:14 of 2nd period - Stopped by Jeff Deslauriers with a rebound.
3:35 of 2nd period - Wrist shot by Sergei Shirokov.
3:35 of 2nd period - Stopped by Alex Auld without a rebound.
3:36 of 2nd period - Patrick O'Sullivan wins face-off versus Jesse Winchester in Little Stars zone.
3:36 of 2nd period - Patrick O'Sullivan is hit by Alexander Korolyuk.
4:25 of 2nd period - Wrist shot by Matt D'Agostini.
4:25 of 2nd period - Stopped by Jeff Deslauriers with a rebound.
4:27 of 2nd period - Wrist shot by Matt Pelech.
4:27 of 2nd period - Deflect By Kevin Shattenkirk.
4:27 of 2nd period - Stopped by Jeff Deslauriers without a rebound.
4:28 of 2nd period - Patrick O'Sullivan wins face-off versus Jesse Winchester in Princes zone.
4:37 of 2nd period - Brad Isbister is hit by Brian McGrattan and loses puck.
4:54 of 2nd period - Michael Nylander is hit by Hugh Jessiman and loses puck.
5:01 of 2nd period - Slapshot by Krys Kolanos.
5:01 of 2nd period - Deflect By David Perron.
5:01 of 2nd period - Shot Misses the Net.
5:01 of 2nd period - Puck is out of play.
5:02 of 2nd period - Michael Nylander wins face-off versus Krys Kolanos in Princes zone.
5:09 of 2nd period - Snap shot by David Perron.
5:09 of 2nd period - Shot Misses the Net.
5:13 of 2nd period - Wrist shot by David Perron.
5:13 of 2nd period - Shot Blocked by Tyler Eckford.
5:15 of 2nd period - Snap shot by David Perron.
5:15 of 2nd period - Shot Blocked by Krys Kolanos.
6:11 of 2nd period - Slapshot by Greg Stewart.
6:11 of 2nd period - Shot Blocked by John Madden.
6:13 of 2nd period - Wrist shot by Tyler Eckford.
6:13 of 2nd period - Shot Misses the Net.
6:15 of 2nd period - Wrist shot by Greg Stewart.
6:15 of 2nd period - Deflect By Troy Bodie.
6:15 of 2nd period - Shot Blocked by Theo Peckham.
6:15 of 2nd period - Puck is out of play.
6:16 of 2nd period - Patrick O'Sullivan wins face-off versus Jesse Winchester in Princes zone.
6:46 of 2nd period - Rostislav Klesla is hit by Hugh Jessiman.
6:52 of 2nd period - Wrist shot by David Perron.
6:52 of 2nd period - Shot Misses the Net.
7:36 of 2nd period - Wrist shot by Greg Stewart.
7:36 of 2nd period - Shot Misses the Net.
8:01 of 2nd period - Icing by Jesse Winchester.
8:02 of 2nd period - Krys Kolanos wins face-off versus Michael Nylander in Princes zone.
8:03 of 2nd period - Slapshot by Steve Regier.
8:03 of 2nd period - Stopped by Jeff Deslauriers with a rebound.
8:05 of 2nd period - Wrist shot by Hugh Jessiman.
8:05 of 2nd period - Shot Misses the Net.
8:17 of 2nd period - Snap shot by Krys Kolanos.
8:17 of 2nd period - Shot Blocked by Noah Welch.
8:29 of 2nd period - Slapshot by Alexander Korolyuk.
8:29 of 2nd period - Stopped by Alex Auld with a rebound.
8:46 of 2nd period - Off-side.
8:47 of 2nd period - Cody Bass wins face-off versus Tyler Brenner in neutral zone.
9:10 of 2nd period - Minor Penalty to Jesse Winchester for Interference.
9:11 of 2nd period - John Madden wins face-off versus Patrick O'Sullivan in Princes zone.
11:10 of 2nd period - Penalty to Jesse Winchester is over, Jesse Winchester is back on ice.
11:38 of 2nd period - Snap shot by David Perron.
11:38 of 2nd period - Stopped by Alex Auld without a rebound.
11:39 of 2nd period - Michael Nylander wins face-off versus Cody Bass in Little Stars zone.
11:54 of 2nd period - Slapshot by Steve MacIntyre.
11:54 of 2nd period - Stopped by Jeff Deslauriers with a rebound.
12:26 of 2nd period - Minor Penalty to Matt Pelech for Tripping.
12:27 of 2nd period - Brad Isbister wins face-off versus Michael Nylander in Little Stars zone.
12:56 of 2nd period - Steve MacIntyre is hit by Nate Prosser and loses puck.
13:01 of 2nd period - Snap shot by Brian McGrattan.
13:01 of 2nd period - Shot Misses the Net.
13:17 of 2nd period - Steve Regier is hit by David Perron and loses puck.
13:36 of 2nd period - Rostislav Klesla is hit by Brad Isbister.
14:26 of 2nd period - Penalty to Matt Pelech is over, Matt Pelech is back on ice.
14:39 of 2nd period - Minor Penalty to Tyler Brenner for High sticking.
14:40 of 2nd period - Patrick O'Sullivan wins face-off versus John Madden in Princes zone.
15:31 of 2nd period - Wrist shot by Brad Isbister.
15:31 of 2nd period - Deflect By Patrick O'Sullivan.
15:31 of 2nd period - Shot Misses the Net.
15:31 of 2nd period - Puck is out of play.
15:32 of 2nd period - John Madden wins face-off versus Krys Kolanos in Princes zone.
16:39 of 2nd period - Penalty to Tyler Brenner is over, Tyler Brenner is back on ice.
17:04 of 2nd period - Greg Stewart is hit by Alexander Korolyuk and loses puck.
17:11 of 2nd period - Snap shot by Jesse Winchester.
17:11 of 2nd period - Shot Misses the Net.
17:13 of 2nd period - Slapshot by Alexander Korolyuk.
17:13 of 2nd period - Stopped by Alex Auld with a rebound.
17:15 of 2nd period - Wrist shot by Brian McGrattan.
17:15 of 2nd period - Shot Misses the Net.
18:11 of 2nd period - Snap shot by Nate Prosser.
18:11 of 2nd period - Deflect By David Perron.
18:11 of 2nd period - Shot Blocked by Jack Skille.
18:11 of 2nd period - Puck is out of play.
18:12 of 2nd period - Patrick O'Sullivan wins face-off versus Michael Nylander in Little Stars zone.
18:53 of 2nd period - Snap shot by Hugh Jessiman.
18:53 of 2nd period - Shot Misses the Net.
18:55 of 2nd period - Snap shot by Hugh Jessiman.
18:55 of 2nd period - Stopped by Jeff Deslauriers without a rebound.
18:56 of 2nd period - Michael Nylander wins face-off versus Krys Kolanos in Princes zone.
19:09 of 2nd period - Hugh Jessiman is hit by Michael Nylander and loses puck.
19:37 of 2nd period - Wrist shot by Steve Regier.
19:37 of 2nd period - Shot Misses the Net.
19:57 of 2nd period - Snap shot by Krys Kolanos.
19:57 of 2nd period - Shot Blocked by Jesse Winchester.
19:59 of 2nd period - Wrist shot by Hugh Jessiman.
19:59 of 2nd period - Shot Blocked by Nate Prosser.
3rd period
0:01 of 3rd period - Jesse Winchester wins face-off versus Patrick O'Sullivan in neutral zone.
0:08 of 3rd period - Snap shot by Jesse Winchester.
0:08 of 3rd period - Deflect By Alexander Korolyuk.
0:08 of 3rd period - Stopped by Alex Auld with a rebound.
0:14 of 3rd period - Wrist shot by Patrick O'Sullivan.
0:14 of 3rd period - Shot Hit the Post.
0:45 of 3rd period - Wrist shot by Steve MacIntyre.
0:45 of 3rd period - Shot Blocked by Nate Prosser.
0:47 of 3rd period - Wrist shot by Steve MacIntyre.
0:47 of 3rd period - Stopped by Jeff Deslauriers with a rebound.
0:49 of 3rd period - Snap shot by Cody Bass.
0:49 of 3rd period - Stopped by Jeff Deslauriers with a rebound.
0:51 of 3rd period - Wrist shot by Cody Bass.
0:51 of 3rd period - Goal by Cody Bass - Princes : 1 - Little Stars : 3.
0:52 of 3rd period - Patrick O'Sullivan wins face-off versus Jesse Winchester in neutral zone.
1:14 of 3rd period - Icing by Tim Ramholt.
1:15 of 3rd period - Krys Kolanos wins face-off versus Michael Nylander in Little Stars zone.
1:15 of 3rd period - Krys Kolanos is hit by Theo Peckham.
1:28 of 3rd period - Minor Penalty to Steve Regier for Hooking.
1:29 of 3rd period - Brad Isbister wins face-off versus Michael Nylander in Little Stars zone.
1:40 of 3rd period - Snap shot by David Perron.
1:40 of 3rd period - Goal by David Perron - Princes : 2 - Little Stars : 3.
1:41 of 3rd period - Jesse Winchester wins face-off versus Jack Skille in neutral zone.
1:44 of 3rd period - Wrist shot by Rostislav Klesla.
1:44 of 3rd period - Deflect By Alexander Korolyuk.
1:44 of 3rd period - Stopped by Alex Auld with a rebound.
1:46 of 3rd period - Slapshot by Rostislav Klesla.
1:46 of 3rd period - Stopped by Alex Auld with a rebound.
1:48 of 3rd period - Wrist shot by Brian McGrattan.
1:48 of 3rd period - Goal by Brian McGrattan - Princes : 3 - Little Stars : 3.
1:49 of 3rd period - Patrick O'Sullivan wins face-off versus Alexander Korolyuk in neutral zone.
2:00 of 3rd period - Wrist shot by Brad Isbister.
2:00 of 3rd period - Shot Misses the Net.
2:02 of 3rd period - Wrist shot by Brad Isbister.
2:02 of 3rd period - Stopped by Jeff Deslauriers without a rebound.
2:03 of 3rd period - Patrick O'Sullivan wins face-off versus Michael Nylander in Princes zone.
2:39 of 3rd period - Slapshot by Clay Wilson.
2:39 of 3rd period - Deflect By Steve Regier.
2:39 of 3rd period - Stopped by Jeff Deslauriers with a rebound.
2:55 of 3rd period - Snap shot by P.J. Axelsson.
2:55 of 3rd period - Shot Blocked by Clay Wilson.
3:01 of 3rd period - Wrist shot by P.J. Axelsson.
3:01 of 3rd period - Stopped by Alex Auld with a rebound.
3:21 of 3rd period - Wrist shot by Michael Nylander.
3:21 of 3rd period - Shot Blocked by Steve MacIntyre.
3:23 of 3rd period - Slapshot by Michael Nylander.
3:23 of 3rd period - Stopped by Alex Auld with a rebound.
4:16 of 3rd period - Yanick Lehoux is hit by Nate Prosser and loses puck.
4:29 of 3rd period - Snap shot by Jesse Winchester.
4:29 of 3rd period - Shot Misses the Net.
4:31 of 3rd period - Slapshot by Noah Welch.
4:31 of 3rd period - Stopped by Alex Auld with a rebound.
4:33 of 3rd period - Slapshot by Noah Welch.
4:33 of 3rd period - Stopped by Alex Auld without a rebound.
4:34 of 3rd period - Michael Nylander wins face-off versus Patrick O'Sullivan in Little Stars zone.
4:35 of 3rd period - Snap shot by Sergei Shirokov.
4:35 of 3rd period - Goal by Sergei Shirokov - Princes : 4 - Little Stars : 3.
4:36 of 3rd period - Michael Nylander wins face-off versus Patrick O'Sullivan in neutral zone.
4:38 of 3rd period - Off-side.
4:39 of 3rd period - Patrick O'Sullivan wins face-off versus Michael Nylander in neutral zone.
4:52 of 3rd period - Snap shot by Sergei Shirokov.
4:52 of 3rd period - Shot Misses the Net.
5:04 of 3rd period - Wrist shot by Steve Regier.
5:04 of 3rd period - Shot Misses the Net.
5:06 of 3rd period - Snap shot by Steve Regier.
5:06 of 3rd period - Stopped by Jeff Deslauriers without a rebound.
5:07 of 3rd period - Krys Kolanos wins face-off versus Alexander Korolyuk in Princes zone.
5:24 of 3rd period - Slapshot by Nate Prosser.
5:24 of 3rd period - Stopped by Alex Auld without a rebound.
5:25 of 3rd period - Patrick O'Sullivan wins face-off versus Sergei Shirokov in Little Stars zone.
5:52 of 3rd period - Jesse Winchester is hit by Hugh Jessiman and loses puck.
6:23 of 3rd period - Snap shot by Jonathan Tremblay.
6:23 of 3rd period - Shot Misses the Net.
6:25 of 3rd period - Slapshot by Theo Peckham.
6:25 of 3rd period - Stopped by Alex Auld with a rebound.
7:21 of 3rd period - Wrist shot by Krys Kolanos.
7:21 of 3rd period - Stopped by Jeff Deslauriers with a rebound.
7:23 of 3rd period - Wrist shot by Krys Kolanos.
7:23 of 3rd period - Shot Misses the Net.
7:46 of 3rd period - Slapshot by Kevin Shattenkirk.
7:46 of 3rd period - Stopped by Alex Auld with a rebound.
8:40 of 3rd period - Steve Regier is hit by Brian McGrattan and loses puck.
8:51 of 3rd period - Wrist shot by Jesse Winchester.
8:51 of 3rd period - Stopped by Alex Auld without a rebound.
8:52 of 3rd period - Patrick O'Sullivan wins face-off versus Tyler Brenner in Little Stars zone.
9:03 of 3rd period - Snap shot by Jack Skille.
9:03 of 3rd period - Stopped by Jeff Deslauriers without a rebound.
9:04 of 3rd period - Patrick O'Sullivan wins face-off versus Michael Nylander in Princes zone.
9:07 of 3rd period - Snap shot by Brad Isbister.
9:07 of 3rd period - Stopped by Jeff Deslauriers with a rebound.
9:09 of 3rd period - Snap shot by Patrick O'Sullivan.
9:09 of 3rd period - Shot Misses the Net.
9:11 of 3rd period - Wrist shot by Jack Skille.
9:11 of 3rd period - Stopped by Jeff Deslauriers with a rebound.
9:13 of 3rd period - Snap shot by Tim Ramholt.
9:13 of 3rd period - Shot Blocked by Kevin Shattenkirk.
9:31 of 3rd period - Rostislav Klesla is hit by Tim Ramholt and loses puck.
10:38 of 3rd period - Wrist shot by Sergei Shirokov.
10:38 of 3rd period - Shot Misses the Net.
11:41 of 3rd period - Snap shot by Sean Zimmerman.
11:41 of 3rd period - Shot Blocked by Troy Bodie.
11:59 of 3rd period - Brad Isbister is hit by Sean Zimmerman and loses puck.
12:16 of 3rd period - Snap shot by David Perron.
12:16 of 3rd period - Shot Misses the Net.
12:18 of 3rd period - Slapshot by David Perron.
12:18 of 3rd period - Shot Misses the Net.
12:32 of 3rd period - Alexander Korolyuk is hit by Tyler Eckford and loses puck.
13:11 of 3rd period - Slapshot by Sergei Shirokov.
13:11 of 3rd period - Shot Misses the Net.
14:24 of 3rd period - Minor Penalty to Boris Valabik for Goalie Interference.
14:25 of 3rd period - Brad Isbister wins face-off versus Michael Nylander in Little Stars zone.
14:56 of 3rd period - Snap shot by David Perron.
14:56 of 3rd period - Stopped by Alex Auld without a rebound.
14:57 of 3rd period - Jesse Winchester wins face-off versus Steve MacIntyre in Little Stars zone.
15:02 of 3rd period - Wrist shot by Alexander Korolyuk.
15:02 of 3rd period - Shot Misses the Net.
15:12 of 3rd period - Snap shot by Steve Regier.
15:12 of 3rd period - Deflect By Brad Isbister.
15:12 of 3rd period - Stopped by Jeff Deslauriers with a rebound.
15:14 of 3rd period - Snap shot by Brad Isbister.
15:14 of 3rd period - Stopped by Jeff Deslauriers with a rebound.
15:16 of 3rd period - Slapshot by Clay Wilson.
15:16 of 3rd period - Shot Misses the Net.
16:24 of 3rd period - Penalty to Boris Valabik is over, Boris Valabik is back on ice.
16:28 of 3rd period - Greg Stewart is hit by Alexander Korolyuk and loses puck.
16:59 of 3rd period - Cody Bass is hit by Michael Nylander and loses puck.
17:06 of 3rd period - Rostislav Klesla is hit by Steve MacIntyre.
17:50 of 3rd period - Wrist shot by Patrick O'Sullivan.
17:50 of 3rd period - Stopped by Jeff Deslauriers without a rebound.
17:51 of 3rd period - Patrick O'Sullivan wins face-off versus Jesse Winchester in Princes zone.
18:02 of 3rd period - Jack Skille is hit by Jesse Winchester and loses puck.
18:33 of 3rd period - Slapshot by Rostislav Klesla.
18:33 of 3rd period - Shot Blocked by Steve Regier.
18:41 of 3rd period - Snap shot by Sergei Shirokov.
18:41 of 3rd period - Stopped by Alex Auld with a rebound.
19:01 of 3rd period - Little Stars, Alex Auld is pulled from the net.
Output by the SimonT Hockey Simulator (STHS) for François Prévost -- Original Page W3C XHTML 1.0 Valid